 Dungeon Crawl Stone Soup version 0.26.0-10-g1f06aea511 (webtiles) character file.

Game seed: 13855944323650499831

4897 Borgoz the Carver (level 10, -4/86 HPs)
             Began as a Ghoul Gladiator on Jan 14, 2021.
             Was an Initiate of Ashenzari.
             Slain by a troll (6 damage)
             ... on level 10 of the Dungeon.
             The game lasted 00:17:03 (11507 turns).

Borgoz the Carver (Ghoul Gladiator)                Turns: 11507, Time: 00:17:03

Health: -4/86      AC:  9    Str: 26    XL:     10   Next: 51%
Magic:  0/9        EV: 14    Int:  3    God:    Ashenzari [......]
Gold:   468        SH:  0    Dex: 12    Spells: 6/9 levels left

rFire    . . .     SeeInvis +   a - +2 long sword
rCold    + . .     Faith    .   (no shield)
rNeg     + + +     Spirit   +   t - +0 ring mail (curse)
rPois    ∞         Reflect  .   c - +0 helmet
rElec    .         Harm     .   f - +0 cloak
rCorr    .         Rampage  .   (no gloves)
Will     .....                  (no boots)
Stlth    +.........             s - amulet of guardian spirit
HPRegen  0.00/turn              r - ring of see invisible
MPRegen  0.11/turn              q - +6 ring of strength

@: no status effects
A: claws 1, cold resistance 1, negative energy resistance 3, inhibited
regeneration, torment resistance, unbreathing
a: Renounce Religion, Curse Item


You were on level 10 of the Dungeon.
You worshipped Ashenzari.
Ashenzari was noncommittal.
You visited 2 branches of the dungeon, and saw 11 of its levels.

You collected 468 gold pieces.

Inventory:

Hand Weapons
 a - a +2 long sword (weapon)
 b - a +3 great sword of freezing
Armour
 c - a +0 helmet (worn)
 f - a +0 cloak (worn)
 t - a cursed +0 ring mail (worn)
Jewellery
 j - a +6 ring of intelligence
 q - a +6 ring of strength (right claw)
 r - a ring of see invisible (left claw)
 s - an amulet of guardian spirit (around neck)
 u - an uncursed amulet of reflection
 y - an uncursed amulet of magic regeneration
Wands
 h - a wand of disintegration (10)
 i - a wand of flame (24)
 A - a wand of iceblast (10)
Scrolls
 d - 2 scrolls of magic mapping
 e - 6 scrolls of remove curse
 g - 9 scrolls of teleportation
 m - a scroll of summoning
 o - 2 scrolls of blinking
 v - a scroll of fog
Potions
 l - 3 potions of haste
 p - a potion of brilliance
 x - 4 potions of flight


   Skills:
 + Level 7.1 Fighting
 * Level 8.6 Long Blades
 - Level 1.7 Throwing
 * Level 8.0 Armour
 + Level 6.2 Dodging


You had 6 spell levels left.
You knew the following spells:

 Your Spells              Type           Power        Failure   Level
a - Confusing Touch       Hex            0%           95%         3

Your spell library contained the following spells:

 Spells                   Type           Power        Failure   Level
 Corona                   Hex            0%           65%         1
 Sting                    Tmut/Pois      0%           65%         1
 Ensorcelled Hibernation  Hex/Ice        0%           78%         2
 Poisonous Vapours        Pois/Air       0%           78%         2
 Dazzling Flash           Conj/Hex       0%           95%         3
 Gell's Gravitas          Tloc           0%           95%         3
 Ignite Poison            Fire/Tmut/Pois 0%           95%         3
 Mephitic Cloud           Conj/Pois/Air  0%           95%         3
 Tukima's Dance           Hex            0%           95%         3
 Olgreb's Toxic Radiance  Pois           0%           100%        4
 Petrify                  Tmut/Erth      0%           100%        4
 Metabolic Englaciation   Hex/Ice        0%           100%        5
 Yara's Violent Unravell  Hex/Tmut       0%           100%        5


Dungeon Overview and Level Annotations

Branches:
Dungeon (10/15)            Temple (1/1) D:7
   Lair: D:8-11         Orc: D:9-12

Altars:
Ashenzari
Cheibriados
Dithmenos
Elyvilon
Fedhas
Gozag
Hepliaklqana
Kikubaaqudgha
Makhleb
Nemelex Xobeh
Okawaru
Qazlal
Ru
Sif Muna
Trog
Uskayaw
Vehumet
Wu Jian
Xom
Yredelemnul
Zin
The Shining One

Shops:
D:9 *

Annotations:
D:6 Dowan, Duvessa


Innate Abilities, Weirdness & Mutations

You thrive by killing the living.
You are immune to poison.
You have sharp fingernails.
Your flesh is cold resistant. (rC+)
You are immune to negative energy. (rN+++)
You do not regenerate when monsters are visible.
You are immune to unholy pain and torment.
You can survive without breathing.


Message History

You hit the troll.
The troll is severely wounded.
The troll bites you.
* * * LOW HITPOINT WARNING * * *
The troll claws you.
* * * LOW HITPOINT WARNING * * *
The troll misses you.
You hit the troll.
The troll is almost dead.
The troll closely misses you. The troll completely misses you.
The troll closely misses you.
You completely miss the troll.
The troll is almost dead.
The troll barely misses you.
You riposte.
You barely miss the troll.
The troll is almost dead.
The troll claws you but does no damage. The troll barely misses you.
You hit the troll.
The troll is almost dead.
The troll completely misses you. x2; The troll claws you.
You die...

#..>..#
#.....#
#.....#
#.....#
####.....#
#........##
#...........
#..T.....###
#.@........
#......####.
######.# ∩
... ####


You could see a troll.

Vanquished Creatures
  A two-headed ogre (D:9)
  3 trolls (D:9)
  A wraith (D:10)
  2 wyverns (D:9)
  A water moccasin (D:7)
  A black bear (D:8)
  2 ice beasts
  2 phantoms
  An eye of draining (D:8)
  A sky beast (D:9)
  2 ogres
  2 centaurs
  A big kobold (D:9)
  4 bullfrogs
  A wyvern skeleton (D:8)
  A water moccasin skeleton (D:7)
  3 scorpions
  9 wights
  A howler monkey (D:8)
  5 hounds
  3 jellies
  4 orc priests
  A centaur skeleton (D:5)
  8 orc wizards
  A bullfrog skeleton (D:8)
  8 worker ants
  A hound zombie (D:7)
  A hound skeleton (D:8)
  A worker ant zombie (D:6)
  12 adders
  A white imp (D:10)
  2 ufetubi
  3 oozes
  2 adder skeletons
  An adder zombie (D:8)
  A worm (D:3)
  3 dart slugs
  8 leopard geckos
  28 orcs
  3 giant cockroaches
  6 goblins
  7 hobgoblins
  15 jackals
  5 quokkas
  7 bats
  A frilled lizard (D:3)
  12 kobolds
  3 leopard gecko skeletons
  A quokka zombie (D:5)
  6 rats
199 creatures vanquished.

Vanquished Creatures (others)
  2 orcs (D:4)
  5 plants (D:7)
7 creatures vanquished.

Grand Total: 206 creatures vanquished

Notes
Turn   | Place    | Note
-------+----------+-------------------------------------------
     0 | D:1      | Borgoz the Ghoul Gladiator began the quest for the Orb.
     0 | D:1      | Reached XP level 1. HP: 17/17 MP: 0/0
   159 | D:1      | Reached XP level 2. HP: 17/25 MP: 1/1
   374 | D:1      | Reached skill level 1 in Armour
   563 | D:1      | Reached XP level 3. HP: 20/30 MP: 2/2
  1193 | D:2      | Reached XP level 4. HP: 36/37 MP: 3/3
  1325 | D:2      | Found a faded altar of an unknown god.
  2027 | D:3      | Noticed a phantom
  2059 | D:3      | Killed a phantom
  2060 | D:3      | Reached XP level 5. HP: 15/45 MP: 4/4
  2740 | D:4      | Reached XP level 6. HP: 18/51 MP: 2/5
  2744 | D:4      | You fall into a shaft and drop 1 floor!
  2744 | D:5      | Entered Level 5 of the Dungeon
  3110 | D:4      | Noticed a phantom
  3177 | D:4      | Killed a phantom
  3790 | D:4      | Reached XP level 7. HP: 50/58 MP: 4/6
  4618 | D:5      | Reached skill level 5 in Long Blades
  4673 | D:5      | Found a basalt altar of Yredelemnul.
  4673 | D:5      | Found a shimmering altar of Xom.
  5295 | D:6      | Noticed Duvessa
  5296 | D:6      | Noticed Dowan
  5324 | D:6      | HP: 1/60 [Dowan/puff of flame (7)]
  5820 | D:7      | Reached XP level 8. HP: 61/67 MP: 5/7
  6019 | D:7      | Reached skill level 5 in Armour
  6095 | D:7      | Found a staircase to the Ecumenical Temple.
  6104 | Temple   | Entered the Ecumenical Temple
  6140 | Temple   | Became a worshipper of Ashenzari the Shackled
  6370 | D:7      | Reached skill level 5 in Fighting
  6790 | D:7      | Found a snail-covered altar of Cheibriados.
  7006 | D:8      | Reached XP level 9. HP: 59/74 MP: 8/8
  7411 | D:8      | Reached skill level 5 in Dodging
  8729 | D:9      | Noticed a troll
  9009 | D:9      | Killed a troll
  9116 | D:9      | Noticed a troll
  9125 | D:9      | Killed a troll
  9595 | D:9      | Learned a level 3 spell: Confusing Touch
  9625 | D:9      | Noticed a troll
  9637 | D:9      | Killed a troll
  9638 | D:9      | Reached XP level 10. HP: 30/84 MP: 3/9
 10044 | D:9      | Noticed a two-headed ogre
 10064 | D:9      | HP: 4/84 [wight/+0 mace (3)]
 10066 | D:9      | Killed a two-headed ogre
 10086 | D:9      | HP: 4/84 [worker ant (4)]
 10884 | D:9      | Found Teedoe's General Store.
 11410 | D:10     | Entered Level 10 of the Dungeon
 11504 | D:10     | HP: 3/86 [troll (2)]
 11507 | D:10     | Slain by a troll

Illustrated notes

Levels and vault maps discovered:
D:1:      amcnicky_arrival_feature_with_door, layout_loops_ring
D:2:      layout_rooms, chequers_ecumenical_altar_simple_redux
D:3:      minmay_inner_zag, layout_basic, chequers_serial_rivers_large_a
D:4:      layout_basic, minmay_surrounded
D:5:      layout_basic, gammafunk_temple_overflow_pools
D:6:      layout_rooms, uniq_duvessa
D:7:      layout_basic, minmay_temple_entry_poolview, basic_altar,
          serial_bayou_pond_c
D:8:      layout_loops_corners
D:9:      layout_roguey, serial_rivers, chequers_serial_rivers_micro_c,
          chequers_serial_rivers_large_b, chequers_serial_rivers_micro_a,
          chequers_serial_rivers_micro_d, chequers_serial_rivers_small_a,
          serial_shops, shop, minmay_misc_feat_chi
D:10:     layout_basic, dpeg_lair_monsters, enter_bailey_3
Temple:   regret_index_temple_chain_breaker

Skill      XL: |  1  2  3  4  5  6  7  8  9 10 |
---------------+-------------------------------+-----
Long Blades    | 3 4 5 6 7 8 |  8.6
Armour         | 1 2 3 4 5 7 8 |  8.0
Dodging        | 3 4 5 6 |  6.2
Fighting       | 3 4 5 6 7 |  7.1
Throwing       | |  1.7

Action                   |  1- 3 |  4- 6 |  7- 9 | 10-12 || total
-------------------------+-------+-------+-------+-------++-------
Melee: Long sword        |    91 |   214 |   454 |   124 ||   883
       Great sword       |       |       |     1 |       ||     1
Throw: Throwing net      |       |       |     6 |       ||     6
Evoke: Wand              |       |       |       |     5 ||     5
  Use: Potion            |       |     6 |     2 |     7 ||    15
       Scroll            |       |     1 |    17 |     3 ||    21
 Stab: Invisible         |       |     1 |       |     3 ||     4
       Paralysed         |       |       |       |     7 ||     7
Armor: Leather armour    |    18 |       |       |       ||    18
       Scale mail        |    26 |    63 |       |       ||    89
       Ring mail         |       |    24 |   168 |    39 ||   231
Dodge: Dodged            |    75 |   148 |   407 |   119 ||   749
       Rpst.: Long sword |    25 |    56 |   120 |    27 ||   228
       Great sword       |       |       |     1 |       ||     1
